 Dungeon Crawl Stone Soup version 0.20.0-10-g0535bb4 (webtiles) character file.

4524 MDvedh the Grappler (level 10, -2/94 HPs)
             Began as a Troll Warper on June 3, 2017.
             Was a Priest of Cheibriados.
             Slain by an iguana (12 damage)
             ... on level 7 of the Dungeon.
             The game lasted 00:08:52 (4681 turns).

MDvedh the Grappler (Troll Warper)                  Turns: 4681, Time: 00:08:53

Health: -2/94      AC:  8    Str: 32    XL:     10   Next: 17%
Magic:  12/12      EV: 12    Int: 17    God:    Cheibriados [***...]
Gold:   403        SH:  0    Dex: 17    Spells: 9/11 levels left

rFire    . . .     SeeInvis .     - Unarmed
rCold    . . .     Gourm    +   (no shield)
rNeg     . . .     Faith    .   B - +0 troll leather armour {Purgy}
rPois    .         Spirit   .   (helmet restricted)
rElec    .         Reflect  .   t - +0 cloak
rCorr    .         Harm     .   (gloves unavailable)
MR       .....                  (boots unavailable)
Stlth    +.........             (no amulet)
Regen    1.1/turn               (no ring)
MPRegen  0.2/turn               (no ring)

@: very slow
A: unfitting armour, claws 3, fast metabolism 3, gourmand, regeneration 1,
shaggy fur 1, tough skin 2
a: Bend Time, Temporal Distortion, Renounce Religion


You were on level 7 of the Dungeon.
You worshipped Cheibriados.
Cheibriados was most pleased with you.
You were very full.

You visited 2 branches of the dungeon, and saw 9 of its levels.

You collected 403 gold pieces.

Inventory:

Missiles
 d - 5 tomahawks of dispersal (quivered)
 G - 2 tomahawks
Armour
 a - a +0 robe
 t - a +0 cloak (worn)
 B - a +0 troll leather armour (worn) {Purgy}
Jewellery
 E - an uncursed ring of fire
Wands
 c - a wand of iceblast (0/15)
 C - a wand of digging (10/24)
 H - a wand of disintegration (12/24)
 J - a wand of flame (18/48)
 K - a wand of disintegration (2/24)
Scrolls
 e - 3 scrolls of remove curse
 g - 2 scrolls of random uselessness {unknown}
 i - 9 scrolls of identify
 k - 3 scrolls of noise {unknown}
 n - 2 scrolls of fog {unknown}
 o - 3 scrolls of teleportation {unknown}
 s - 4 scrolls of magic mapping {unknown}
 u - a scroll of fear {unknown}
 y - a scroll of enchant armour {unknown}
 A - 3 scrolls of recharging {unknown}
 F - 3 scrolls of amnesia {unknown}
 I - a scroll of enchant weapon {unknown}
Potions
 h - 5 potions of brilliance {unknown}
 j - 3 potions of ambrosia {unknown}
 l - 2 potions of mutation {unknown}
 m - a potion of lignification {unknown}
 p - 3 potions of cancellation {unknown}
 q - a potion of degeneration {unknown}
 r - 2 potions of flight {unknown}
 v - 2 potions of haste {unknown}
 x - a potion of magic {unknown}
 D - 2 potions of might {unknown}
 L - 2 potions of heal wounds
Books
 b - a book of Spatial Translocations

   Spells                             Type                      Level
   a - Blink                          Translocation                2
   b - Shroud of Golubria             Charms/Translocation         2
   c - Lesser Beckoning               Translocation                3
   d - Gell's Gravitas                Translocation                3
   e - Teleport Other                 Translocation                3
   f - Passage of Golubria            Translocation                4
Comestibles
 f - 5 bread rations
 w - 3 meat rations
 z - 4 royal jellies


   Skills:
 + Level 4.6 Fighting
 - Level 0.8 Throwing
 + Level 4.8 Dodging
 * Level 11.7 Unarmed Combat
 - Level 1.2 Spellcasting
 - Level 2.1 Translocations
 + Level 4.5 Invocations


You had 9 spell levels left.
You knew the following spells:

 Your Spells              Type           Power        Failure   Level  Hunger
b - Blink                 Tloc           N/A          14%         2    ###....


Dungeon Overview and Level Annotations

Branches:
Dungeon (9/15)             Temple (1/1) D:4
   Lair: D:8-11         Orc: D:9-12

Altars:
Cheibriados
Dithmenos
Hepliaklqana
Kikubaaqudgha
Makhleb
Qazlal
Ru
Sif Muna
Vehumet
Xom
Yredelemnul
The Shining One

Shops:
D:8 ?

Annotations:
D:3 2 transporters
D:4 1 runed door
D:7 Oozefury's ghost, novice VSTm


Innate Abilities, Weirdness & Mutations

You are too large for most types of armour.
You have claws for hands.
Your metabolism is lightning-fast.
You like to eat raw meat.
Your natural rate of healing is unusually fast.
You are covered in fur. (AC +1)
You have very tough skin. (AC +2)


Message History

You eviscerate the hound!!!
You kill the hound!
Cheibriados appreciates the change of pace.
You closely miss the iguana. The iguana bites you!
* * * LOW HITPOINT WARNING * * *
Oozefury's ghost (novice Vine Stalker Transmuter) comes into view.
You claw the iguana!
The iguana is almost dead.
The iguana bites you.
* * * LOW HITPOINT WARNING * * *
You barely miss the iguana.
The iguana is almost dead.
The iguana bites you.
* * * LOW HITPOINT WARNING * * *
Okay, then.
You scratch the iguana.
The iguana is almost dead.
Oozefury's ghost says, "What's the hurry?
You'll die anyway."
The iguana bites you!
You die...

##...............<.........
#..........##.....#######†#
#.....(.##......######.#
##..(...#..............)
##.....#######...).(().
#.....# #......... ..
#.)##.# #.........
...######..##.# #.........
...........##@# #.........
........##.##l# #.........
#####.........# #.........
#.........# ###.####.#
#........W# #. #.#
#..............# ## #.#
#..............# #.#
#######........# #.#
#.......... #..


You could see an iguana and Oozefury's ghost.

Vanquished Creatures
  A hydra (D:7)
  A two-headed ogre (D:8)
  Maurice (D:8)
  3 hippogriffs (D:7)
  Eustachio (D:4)
  Purgy (D:3)
  2 ice beasts
  A phantom (D:4)
  4 orc warriors
  A centaur (D:7)
  An ogre (D:7)
  2 bullfrogs (D:7)
  Blork the orc (D:4)
  A scorpion (D:4)
  2 crimson imps (D:7)
  A bullfrog zombie (D:5)
  A bullfrog skeleton (D:4)
  A jelly (D:8)
  5 orc priests (D:7)
  Crazy Yiuf (D:2)
  A hound (D:7)
  7 orc wizards
  2 iguanas
  Natasha (thrice) (D:4)
  5 worker ants
  Robin (D:4)
  8 adders
  4 gnolls
  A shadow imp (D:7)
  An ooze (D:2)
  3 worms
  4 leopard geckos
  18 orcs
  12 bats
  5 giant cockroaches
  10 hobgoblins
  6 jackals
  4 quokkas
  A ball python (D:4)
  5 frilled lizards
  17 goblins
  8 kobolds
  10 rats
168 creatures vanquished.

Notes
Turn   | Place    | Note
-------+----------+-------------------------------------------
     0 | D:1      | MDvedh the Troll Warper began the quest for the Orb.
     0 | D:1      | Reached XP level 1. HP: 19/19 MP: 1/1
   169 | D:1      | Reached XP level 2. HP: 27/27 MP: 2/2
   230 | D:1      | Reached skill level 3 in Unarmed Combat
   484 | D:1      | Learned a level 2 spell: Blink
  1022 | D:1      | Reached XP level 3. HP: 33/33 MP: 3/3
  1189 | D:2      | Found a runed door.
  1316 | D:2      | Noticed Crazy Yiuf
  1320 | D:2      | Killed Crazy Yiuf
  1320 | D:2      | Reached skill level 4 in Unarmed Combat
  1363 | D:2      | Found a burning altar of Makhleb.
  1363 | D:2      | Noticed an Executioner
  1366 | D:2      | Noticed a hellwing
  1366 | D:2      | Noticed a smoke demon
  1449 | D:2      | Reached XP level 4. HP: 41/41 MP: 4/4
  2134 | D:3      | Reached skill level 5 in Unarmed Combat
  2288 | D:3      | Found a glowing golden altar of the Shining One.
  2288 | D:3      | Found a deep blue altar of Sif Muna.
  2289 | D:3      | Found a basalt altar of Yredelemnul.
  2311 | D:3      | Found a radiant altar of Vehumet.
  2486 | D:3      | Found a transporter.
  2506 | D:3      | Found a transporter.
  2539 | D:3      | Reached XP level 5. HP: 48/48 MP: 5/5
  2608 | D:3      | Noticed Purgy
  2618 | D:3      | Killed Purgy
  2618 | D:3      | Reached skill level 6 in Unarmed Combat
  2813 | D:4      | Found a staircase to the Ecumenical Temple.
  2818 | D:4      | Noticed Eustachio
  2827 | Temple   | Entered the Ecumenical Temple
  2853 | Temple   | Became a worshipper of Cheibriados the Contemplative
  2882 | D:4      | Killed Eustachio
  2882 | D:4      | Reached skill level 7 in Unarmed Combat
  2882 | D:4      | Reached XP level 6. HP: 52/55 MP: 6/6
  2913 | D:4      | Noticed Robin
  2915 | D:4      | Noticed Natasha
  2925 | D:4      | Killed Natasha
  2945 | D:4      | Killed Robin
  2986 | D:4      | Reached * piety under Cheibriados
  2986 | D:4      | Reached XP level 7. HP: 40/62 MP: 7/7
  3073 | D:4      | Noticed Natasha
  3082 | D:4      | Killed Natasha
  3082 | D:4      | Reached skill level 8 in Unarmed Combat
  3088 | D:4      | Noticed Natasha
  3091 | D:4      | Killed Natasha
  3137 | D:4      | Noticed Blork the orc
  3143 | D:4      | Killed Blork the orc
  3235 | D:4      | Noticed a human
  3236 | D:4      | Found a runed door.
  3241 | D:4      | Found a basalt altar of Yredelemnul.
  3384 | D:4      | Reached ** piety under Cheibriados
  3384 | D:4      | Reached skill level 9 in Unarmed Combat
  3552 | D:5      | Entered Level 5 of the Dungeon
  3807 | D:5      | You fall through a shaft for 3 floors!
  3807 | D:8      | Found Feufo's Magic Scroll Shop.
  3876 | D:9      | Reached XP level 8. HP: 36/72 MP: 8/8
  3887 | D:9      | Reached skill level 1 in Invocations
  4072 | D:8      | Noticed Maurice
  4073 | D:8      | Noticed a two-headed ogre
  4086 | D:8      | HP: 1/72 [two-headed ogre/giant club (5)]
  4089 | D:8      | Killed a two-headed ogre
  4089 | D:8      | Reached skill level 10 in Unarmed Combat
  4094 | D:8      | Killed Maurice
  4094 | D:8      | Reached XP level 9. HP: 44/83 MP: 8/10
  4225 | D:8      | Found a stormy altar of Qazlal.
  4261 | D:7      | Reached *** piety under Cheibriados
  4407 | D:7      | Reached skill level 11 in Unarmed Combat
  4665 | D:7      | Noticed a six-headed hydra
  4673 | D:7      | Killed a six-headed hydra
  4673 | D:7      | Reached XP level 10. HP: 11/94 MP: 12/12
  4679 | D:7      | Noticed Oozefury's ghost (novice VSTm)
  4681 | D:7      | Slain by an iguana

Skill      XL: |  1  2  3  4  5  6  7  8  9 |
---------------+----------------------------+-----
Unarmed Combat | 3 4 5 7 9 10 11 | 11.7
Dodging        | 2 3 4 |  4.8
Invocations    | 3 4 |  4.5
Fighting       | 3 4 |  4.6
Throwing       | |  0.8
Spellcasting   | |  1.2
Translocations | |  2.1

Action                   |  1- 3 |  4- 6 |  7- 9 | 10-12 || total
-------------------------+-------+-------+-------+-------++-------
Melee: Unarmed           |    92 |   165 |   238 |     5 ||   500
       Punch             |       |     2 |    13 |       ||    15
Evoke: Wand              |       |       |     5 |     1 ||     6
  Use: Scroll            |       |       |     3 |       ||     3
       Potion            |       |       |     2 |       ||     2
 Stab: Sleeping          |     1 |       |     1 |       ||     2
  Eat: Chunk             |    10 |    18 |    14 |       ||    42
Armor: Robe              |    55 |    40 |       |       ||    95
       Troll leather arm |       |    46 |    85 |       ||   131
Dodge: Dodged            |    59 |   102 |   137 |     2 ||   300
